 Dungeon Crawl Stone Soup version 0.23.0 (webtiles) character file.

Game seed: 9682319070747304775

2946 Infinimo the Martial Artist (level 9, -4/44 HPs)
             Began as a Vine Stalker Transmuter on Feb 16, 2019.
             Was a Follower of Ashenzari.
             Slain by an ogre
             ... wielding a +0 giant club
              (18 damage)
             ... on level 7 of the Dungeon.
             The game lasted 00:11:38 (6940 turns).

Infinimo the Martial Artist (VSTm)                  Turns: 6940, Time: 00:11:39

Health: -4/44      AC:  4    Str: 15    XL:     9   Next: 80%
Magic:  0/13       EV: 14    Int: 13    God:    Ashenzari [*.....]
Gold:   445        SH:  0    Dex: 16    Spells: 8/12 levels left

rFire    . . .     SeeInvis .   q - +1 hunting sling
rCold    . . .     Gourm    .   (no shield)
rNeg     . . .     Faith    .   b - +0 robe
rPois    .         Spirit   +   (no helmet)
rElec    .         Reflect  .   s - +1 cloak
rCorr    .         Harm     .   (no gloves)
MR       +....                  (no boots)
Stlth    +.........             (no amulet)
HPRegen  0.54/turn              y - +1 ring of slaying
MPRegen  0.13/turn              p - ring of flight

@: studying Fire Magic
A: fangs 3, regeneration 1, magic shield, antimagic bite, no potion heal 3, rot
immunity
a: Curse Item, Scrying, Renounce Religion, Evoke Flight


You were on level 7 of the Dungeon.
You worshipped Ashenzari.
Ashenzari was aware of your devotion.
You were not hungry.

You visited 2 branches of the dungeon, and saw 8 of its levels.

You collected 445 gold pieces.

Inventory:

Hand Weapons
 q - a +1 hunting sling (weapon)
Missiles
 a - 132 arrows
Armour
 b - a +0 robe (worn)
 s - a +1 cloak (worn)
Jewellery
 p - a ring of flight (right hand)
 x - an uncursed ring of ice
 y - a +1 ring of slaying (left hand)
Wands
 t - a wand of iceblast (8)
Scrolls
 e - 5 scrolls of remove curse
 f - a scroll of fog {unknown}
 h - a scroll of blinking
 m - a scroll of enchant weapon
 r - 2 scrolls of teleportation
 u - a scroll of magic mapping
 C - a scroll of enchant armour
 D - a scroll of fear
Potions
 c - 2 potions of berserk rage
 g - a potion of might
 i - 2 potions of degeneration
 j - 3 potions of heal wounds
 k - a potion of agility
 l - 2 potions of flight
 n - a potion of magic
 o - 3 potions of curing
 v - a potion of ambrosia {unknown}
 w - a potion of haste {unknown}
 z - a potion of brilliance {unknown}
Books
 A - a manual of Fire Magic
Comestibles
 d - 12 rations
 B - 9 chunks of flesh


   Skills:
 + Level 3.5 Fighting
 + Level 3.4 Dodging
 * Level 10.3 Unarmed Combat
 - Level 2.1 Spellcasting
 + Level 7.2 Transmutations


You had 8 spell levels left.
You knew the following spells:

 Your Spells              Type           Power        Failure   Level  Hunger
a - Beastly Appendage     Tmut           ###...       1%          1    ##.....
b - Spider Form           Tmut/Pois      ##........   17%         3    ####...

Your spell library contained the following spells:

 Spells                   Type           Power        Failure   Level  Hunger
 Sticks to Snakes         Tmut           ###.....     1%          2    ###....
 Passwall                 Tmut/Erth      ##......     9%          2    ###....
 Sandblast                Erth           #.....       26%         1    ##.....
 Summon Small Mammal      Summ           #...         26%         1    ##.....
 Blade Hands              Tmut           ###.......   34%         5    ######.
 Call Imp                 Summ           #.......     36%         2    ###....
 Ice Form                 Ice/Tmut       ##......     50%         4    #####..
 Petrify                  Tmut/Erth      ##......     50%         4    #####..
 Call Canine Familiar     Summ           #.......     58%         3    ####...
 Stone Arrow              Conj/Erth      #.....       58%         3    ####...
 Summon Guardian Golem    Hex/Summ       #.......     58%         3    ####...
 Summon Ice Beast         Ice/Summ       #.......     94%         4    #####..
 Summon Lightning Spire   Summ/Air       #.......     94%         4    #####..
 Lee's Rapid Deconstruct  Erth           #.........   100%        5    ######.


Dungeon Overview and Level Annotations

Branches:
Dungeon (7/15)             Temple (1/1) D:4

Altars:
Ashenzari
Cheibriados
Dithmenos
Elyvilon
Fedhas
Gozag
Hepliaklqana
Makhleb
Nemelex Xobeh
Okawaru
Ru
Sif Muna
Vehumet
Wu Jian
Xom
Yredelemnul
Zin
The Shining One

Shops:
D:4 [

Annotations:
D:7 1 runed translucent door, Crazy Yiuf


Innate Abilities, Weirdness & Mutations

You have razor-sharp teeth.
Your natural rate of healing is unusually fast.
When hurt, damage is shared between your health and your magic reserves.
Your bite disrupts and absorbs the magic of your enemies.
Potions cannot restore your health.
You are immune to rotting.


Message History

You turn into a venomous arachnid creature.
Your +1 hunting sling melds into your body.
Your +1 cloak melds into your body.
Your +0 robe melds into your body.
You bite the ogre!
The ogre is poisoned.
The ogre is heavily wounded.
The ogre hits you with a +0 giant club!!
Ouch! That really hurt!
* * * LOW HITPOINT WARNING * * *
You are too injured to fight recklessly!
You are too injured to fight recklessly!
You are too injured to fight recklessly!
Your transformation is almost over.
The ogre looks more healthy.
The ogre is poisoned.
The ogre is almost dead.
Your transformation has ended.
Your +1 hunting sling unmelds from your body.
Your +1 cloak unmelds from your body.
Your +0 robe unmelds from your body.
The ogre hits you with a +0 giant club!!
You die...

.....)#......##......##.#
.....#.#.#....######.##.#
..(.).#........#........#####
'#(......#.#.#.#####.##.....#
..#.....#......÷#....##.###.# .
#....#...#....#.#.....# #.#
#...#...#.#.....#.##### #.####
#..#.....#...####...# #....#
#.#..........O@.[...# ####.#
#............###############.##
#######.#.....................#
####.....############)###
#####.....# #)# #.....##### #)#
#.....# #.# #.....# ♣♣♣♣♣##.##
#.....# ### ♣♣♣)♣).....#


You could see an ogre.

Vanquished Creatures
  Prince Ribbit (D:7)
  Sigmund (D:3)
  A hungry ghost (D:7)
  An ice beast (D:5)
  A sky beast (D:6)
  A phantom (D:6)
  2 centaurs
  4 ogres
  3 bullfrogs
  2 water moccasin zombies
  2 scorpions (D:5)
  4 wights
  4 killer bees (D:6)
  3 howler monkeys
  4 crimson imps
  A bullfrog zombie (D:5)
  A quasit (D:4)
  A jelly (D:6)
  2 orc priests
  A hound (D:6)
  2 bullfrog skeletons
  2 iguanas (D:5)
  2 orc wizards
  2 worker ants
  2 hound skeletons
  A worker ant zombie (D:6)
  6 gnolls
  A howler monkey skeleton (D:5)
  7 adders
  2 shadow imps (D:7)
  2 adder zombies
  3 adder skeletons
  A worm (D:2)
  4 dart slugs (D:1)
  9 leopard geckos
  13 orcs
  4 giant cockroaches
  9 goblins
  8 hobgoblins
  10 jackals
  5 kobolds
  4 quokkas
  4 ball pythons
  A ball python zombie (D:5)
  6 bats
  5 frilled lizards
  A jackal skeleton (D:5)
  7 rats
163 creatures vanquished.

Notes
Turn   | Place    | Note
-------+----------+-------------------------------------------
     0 | D:1      | Infinimo the Vine Stalker Transmuter began the quest for
                  | the Orb.
     0 | D:1      | Reached XP level 1. HP: 9/9 MP: 4/4
   118 | D:1      | Reached XP level 2. HP: 13/14 MP: 6/6
   566 | D:1      | Reached XP level 3. HP: 14/17 MP: 5/7
  1063 | D:1      | Reached skill level 4 in Unarmed Combat
  1735 | D:2      | Gained mutation: Your natural rate of healing is unusually
                  | fast. [Vine Stalker growth]
  1735 | D:2      | Reached XP level 4. HP: 7/21 MP: 8/8
  1764 | D:1      | Learned a level 3 spell: Spider Form
  2416 | D:3      | Reached XP level 5. HP: 25/25 MP: 9/9
  2594 | D:3      | Noticed Sigmund
  2705 | D:3      | Killed Sigmund
  2705 | D:3      | Reached skill level 5 in Unarmed Combat
  2705 | D:3      | Reached XP level 6. HP: 14/29 MP: 1/10
  2937 | D:3      | Found a glowing golden altar of the Shining One.
  3074 | D:4      | Found a shattered altar of Ashenzari.
  3148 | D:4      | Found Buesk's Armour Shoppe.
  3166 | D:4      | Found a staircase to the Ecumenical Temple.
  3207 | D:4      | Reached skill level 6 in Unarmed Combat
  3238 | Temple   | Entered the Ecumenical Temple
  3344 | D:4      | Became a worshipper of Ashenzari the Shackled
  3634 | D:4      | Reached XP level 7. HP: 25/32 MP: 1/11
  3813 | D:4      | Found a burning altar of Makhleb.
  3878 | D:5      | Entered Level 5 of the Dungeon
  3924 | D:5      | Reached skill level 7 in Unarmed Combat
  4143 | D:5      | Reached skill level 5 in Transmutations
  4338 | D:5      | Gained mutation: You have razor-sharp teeth. [Vine Stalker
                  | growth]
  4338 | D:5      | Reached XP level 8. HP: 28/37 MP: 4/12
  4359 | D:5      | HP: 1/37 [centaur (8)]
  4372 | D:5      | Reached skill level 8 in Unarmed Combat
  4834 | D:5      | Found a radiant altar of Vehumet.
  4835 | D:5      | Found a blossoming altar of Fedhas.
  4836 | D:5      | Found a glowing golden altar of the Shining One.
  4838 | D:5      | Found a glowing silver altar of Zin.
  5172 | D:6      | Reached skill level 1 in Fighting
  5202 | D:6      | Found a sparkling altar of Nemelex Xobeh.
  5221 | D:6      | Reached skill level 9 in Unarmed Combat
  5353 | D:6      | Reached XP level 9. HP: 26/42 MP: 6/13
  5701 | D:6      | Found a shimmering altar of Xom.
  5824 | D:6      | Reached * piety under Ashenzari
  6379 | D:7      | Noticed Prince Ribbit
  6389 | D:7      | Killed Prince Ribbit
  6585 | D:7      | Reached skill level 10 in Unarmed Combat
  6863 | D:7      | Found a runed translucent door.
  6864 | D:7      | Noticed Crazy Yiuf
  6940 | D:7      | Slain by an ogre

Skill      XL: |  1  2  3  4  5  6  7  8  9 |
---------------+----------------------------+-----
Unarmed Combat | 4 5 6 7 9 10 | 10.3
Transmutations | 3 4 5 6 7 |  7.2
Fighting       | 2 3 |  3.5
Dodging        | 2 3 |  3.4
Spellcasting   | |  2.1

Action                   |  1- 3 |  4- 6 |  7- 9 || total
-------------------------+-------+-------+-------++-------
Melee: Unarmed           |   120 |    49 |   174 ||   343
       Bite              |    21 |     2 |     1 ||    24
       Punch             |     1 |     1 |       ||     2
 Fire: Hunting sling     |       |    83 |   181 ||   264
 Cast: Spider Form       |       |     7 |    27 ||    34
  Use: Scroll            |       |     8 |    11 ||    19
 Stab: Sleeping          |     2 |     2 |       ||     4
       Confused          |       |     1 |       ||     1
  Eat: Chunk             |     2 |     8 |    11 ||    21
       Ration            |       |       |     2 ||     2
Armor: Robe              |    19 |    14 |    17 ||    50
       Skin              |       |     1 |     4 ||     5
Dodge: Dodged            |    72 |    51 |   196 ||   319
